 Dungeon Crawl Stone Soup version 0.31-a0-664-g902f515a81 (webtiles) character file.

Game seed: 11979169119633435229

343 AtlasWard the Poker (level 6, -3/48 HPs)
             Began as a Merfolk Gladiator on Sept 2, 2023.
             Was an Initiate of Okawaru.
             Slain by a water moccasin (5 damage)
             ... on level 5 of the Dungeon.
             The game lasted 00:07:34 (3474 turns).

AtlasWard the Poker (Merfolk Gladiator)             Turns: 3474, Time: 00:07:34

Health: -3/48      AC:  4    Str: 16    XL:     6   Next: 57%
Magic:  6/6        EV: 14    Int:  7    God:    Okawaru [......]
Gold:   205        SH:  0    Dex: 16    Spells: 5/5 levels left

rFire   + . .        a - +0 trident
rCold   . . .        (no shield)
rNeg    . . .        b - +0 leather armour
rPois   +            c - +0 helmet
rElec   .            (no cloak)
rCorr   .            (no gloves)
SInv    .            (no boots)
Will    .....        g - amulet of the acrobat
Stlth   +            v - ring of protection from fire
HPRegen 0.28/turn    w - ring of poison resistance
MPRegen 0.10/turn

%: acrobat
@: lethally poisoned (-3 -> -14)
A: (nimble swimmer 2), mertail
a: Renounce Religion


You were on level 5 of the Dungeon.
You worshipped Okawaru.
Okawaru was noncommittal.
You visited 1 branch of the dungeon, and saw 5 of its levels.

You collected 205 gold pieces.

Inventory:

Hand Weapons
 a - a +0 trident (weapon)
Missiles
 d - 3 throwing nets
 e - a javelin
 s - 5 poisoned darts (quivered)
Armour
 b - a +0 leather armour (worn)
 c - a +0 helmet (worn)
Jewellery
 g - an amulet of the acrobat (around neck)
 v - a ring of protection from fire (left hand)
 w - a ring of poison resistance (right hand)
 x - a ring of protection from cold
Scrolls
 f - 2 scrolls of revelation {unknown}
 h - a scroll of silence {unknown}
 l - 3 scrolls of brand weapon {unknown}
 n - 2 scrolls of enchant armour {unknown}
 p - a scroll of summoning {unknown}
 q - 2 scrolls of poison
 r - 3 scrolls of identify
 t - a scroll of noise
 y - a scroll of enchant weapon {unknown}
Potions
 i - a potion of heal wounds
 j - 3 potions of curing
 k - a potion of resistance
 m - a potion of attraction
 o - 3 potions of brilliance
 u - 2 potions of mutation {unknown}


   Skills:
 + Level 4.0 Fighting
 * Level 7.3 Polearms
 - Level 2.0 Throwing
 + Level 5.8 Dodging


You had 5 spell levels left.
You didn't know any spells.
Your spell library contained the following spells:

 Spells                   Type           Power      Damage    Failure   Level
 Ensorcelled Hibernation  Hex/Ice        0%         N/A       65%         2
 Scorch                   Fire           0%         2d5       65%         2
 Ignite Poison            Fire/Tmut/Pois 0%         N/A       86%         3
 Anguish                  Hex/Necr       0%         N/A       99%         4
 Flame Wave               Conj/Fire      0%         2d4       99%         4
 Sticky Flame             Conj/Fire      0%         2d3       99%         4
 Ignition                 Fire           0%         3d3       100%        8
 Summon Cactus Giant      Summ           Unusable   N/A       N/A         6

Dungeon Overview and Level Annotations

Branches:
Dungeon (5/15)
 Temple: D:4-7

Altars:
Cheibriados
Okawaru
Trog
Uskayaw
Wu Jian
Zin


Innate Abilities, Weirdness & Mutations

((You are very nimble when in or above water. (Stealth+, EV+, Speed+++)))
Your lower body shifts to a powerful aquatic tail in water.


Message History

The water moccasin barely misses you.
Unknown command.
Okay, then.
You closely miss the water moccasin.
The water moccasin is moderately wounded.
The ufetubus closely misses you. The ufetubus misses you.
The water moccasin bites you.
You are poisoned.
The water moccasin poisons you!
You miss the water moccasin.
The water moccasin is moderately wounded.
You feel sick.
The ufetubus hits you but does no damage.
The ufetubus closely misses you.
The water moccasin bites you but does no damage.
Unknown command.
You puncture the water moccasin!
The water moccasin is severely wounded.
You feel sick.
The ufetubus hits you but does no damage.
The ufetubus closely misses you. The water moccasin bites you.
* * * LOW HITPOINT WARNING * * *
You are lethally poisoned!
The water moccasin poisons you! The ufetubus barely misses you.
The ufetubus misses you. The water moccasin misses you.
You miss the water moccasin.
The water moccasin is severely wounded.
* * * LOW HITPOINT WARNING * * *
You feel very sick. The ufetubus barely misses you.
The ufetubus hits you but does no damage.
The water moccasin misses you.
You barely miss the water moccasin.
The water moccasin is severely wounded.
* * * LOW HITPOINT WARNING * * *
You feel very sick. The ufetubus hits you.
* * * LOW HITPOINT WARNING * * *
The ufetubus closely misses you. The water moccasin bites you.
You die...

... . ..# .. ... . ...
..##.. .... #....#.
..$..###... #.## #
........S# ... .#
......5@#### #..##. ##
..##.......# #.... .#
#...<#..# #...## ...
#....#..## ##<.#....
#...###...####...#...#
...## #......###....#
##.# ##.....##...###
#. #####....### ##..##


You could see a water moccasin and an ufetubus.

Vanquished Creatures
  A vampire bat (D:3)
  An iguana (D:3)
  A mummy (D:4)
  Robin (D:2)
  10 adders
  An ufetubus (D:4)
  A worm (D:3)
  3 dart slugs
  3 fire bats (D:3)
  2 orcs (D:4)
  2 spectral bats (D:3)
  7 ball pythons
  3 bat skeletons (D:3)
  A bat zombie (D:3)
  4 endoplasms
  A giant cockroach (D:1)
  14 goblins
  6 hobgoblins
  A quokka (D:1)
  18 bats
  A bat simulacrum (D:3)
  2 frilled lizards
  4 kobolds
  7 rats
95 creatures vanquished.

Notes
Turn   | Place    | Note
-------+----------+-------------------------------------------
     0 | D:1      | AtlasWard the Merfolk Gladiator began the quest for the
                  | Orb.
     0 | D:1      | Reached XP level 1. HP: 16/16 MP: 1/1
   210 | D:1      | Reached XP level 2. HP: 23/23 MP: 2/2
   357 | D:1      | Found a faded altar of an unknown god.
   764 | D:2      | Reached XP level 3. HP: 26/28 MP: 3/3
   823 | D:2      | Reached skill level 5 in Polearms
  1084 | D:2      | Reached XP level 4. HP: 34/34 MP: 4/4
  1624 | D:3      | Reached skill level 5 in Dodging
  1968 | D:3      | Reached XP level 5. HP: 41/41 MP: 5/5
  2043 | D:3      | Noticed Robin
  2049 | D:3      | Reached skill level 6 in Polearms
  2088 | D:2      | Killed Robin
  2288 | D:3      | Found a hide-covered altar of Uskayaw.
  2331 | D:3      | Found a bloodstained altar of Trog.
  2331 | D:3      | Found an ornate altar of the Wu Jian Council.
  2332 | D:3      | Found a glowing silver altar of Zin.
  2542 | D:3      | Reached XP level 6. HP: 47/48 MP: 6/6
  2671 | D:3      | Reached skill level 7 in Polearms
  3126 | D:4      | Found an iron altar of Okawaru.
  3163 | D:4      | Became a worshipper of Warmaster Okawaru
  3288 | D:4      | Found a snail-covered altar of Cheibriados.
  3441 | D:5      | Entered Level 5 of the Dungeon
  3459 | D:5      | Noticed a water moccasin
  3474 | D:5      | HP: 2/48 [ufetubus (1)]
  3474 | D:5      | Slain by a water moccasin

Illustrated notes

Levels and vault maps discovered:
D:1:      minmay_arrival_jagged, layout_loops_ring, basic_ecumenical_altar,
          roderic_cross_of_infinity
D:2:      minmay_wonky_spiral, layout_basic, minmay_circle_x
D:3:      layout_rooms, minitemple, goddamned_bats, uniq_robin
D:4:      layout_basic, lemuel_round_altar, slow_altar_1, hex_medium,
          minmay_crossroads
D:5:      layout_cave_pools, nicolae_dithmenos_shadow_blocks,
          lemuel_round_altar, minmay_temple_entry_wispy, uniq_prince_ribbit1

Skill      XL: |  1  2  3  4  5  6 |
---------------+-------------------+-----
Polearms       | 5 6 7 |  7.3
Fighting       | 3 4 |  4.0
Dodging        | 5 |  5.8
Throwing       | |  2.0

Action                     |  1- 3 |  4- 6 || total
---------------------------+-------+-------++-------
  Melee: Trident           |   106 |   241 ||   347
         Punch             |     1 |     4 ||     5
  Throw: Javelin           |       |     1 ||     1
    Use: Scroll            |       |     8 ||     8
         Potion            |       |     1 ||     1
   Stab: Sleeping          |     4 |     3 ||     7
         Distracted        |       |     1 ||     1
 Armour: Leather armour    |    38 |   180 ||   218
  Dodge: Dodged            |    80 |   329 ||   409

Table legend: (Time is in decaauts)
 A = Elapsed time spent in this place.
 B = Non-inter-level travel time spent in this place.
 C = Inter-level travel time spent in this place.
 D = Time resting spent in this place.
 E = Time spent auto-exploring this place.
 F = Levels seen in this place.
 G = Mean time per level.
                   A        B        C        D        E       F      G
               +--------+--------+--------+--------+--------+-----+--------+
         Total |   3476 |   3339 |    137 |     73 |   2580 |   5 |  695.2 |
       Dungeon |   3476 |   3339 |    137 |     73 |   2580 |   5 |  695.2 |
               +--------+--------+--------+--------+--------+-----+--------+

Top non-repeatable levels by time:
     D:2: 1066 daAuts
     D:3: 973 daAuts
     D:1: 745 daAuts
     D:4: 658 daAuts
     D:5: 31 daAuts
